 Dungeon Crawl Stone Soup version 0.27.0-65-ge2af304b15 (webtiles) character file.

Game seed: 11934822578585465367

37 hawla the Grave Robber (level 3, -1/20 HPs)
             Began as a Deep Elf Necromancer on Aug 19, 2021.
             Slain by a gnoll (5 damage)
             ... on level 2 of the Dungeon.
             The game lasted 00:03:49 (1666 turns).

hawla the Grave Robber (Deep Elf Necromancer)       Turns: 1666, Time: 00:03:49

Health: -1/20      AC:  3    Str:  5    XL:     3   Next: 21%
Magic:  9/9        EV: 13    Int: 20    God:
Gold:   49         SH:  0    Dex: 15    Spells: 4/8 levels left

rFire    . . .     SeeInvis .   g - +0 dagger
rCold    . . .     Faith    .   (no shield)
rNeg     . . .     Spirit   .   a - +0 robe
rPois    .         Reflect  .   h - +0 helmet
rElec    .         Harm     .   (no cloak)
rCorr    .         Rampage  .   (no gloves)
Will     .....                  (no boots)
Stlth    +.........             (no amulet)
HPRegen  0.06/turn              (no ring)
MPRegen  0.11/turn              (no ring)

@: confused, ambrosia-drunk
A: no striking features
a: no special abilities


You were on level 2 of the Dungeon.
You visited 1 branch of the dungeon, and saw 2 of its levels.

You collected 49 gold pieces.

Inventory:

Hand Weapons
 g - a +0 dagger (weapon)
Armour
 a - a +0 robe (worn)
 h - a +0 helmet (worn)
Jewellery
 k - a ring of fire
Scrolls
 b - a scroll of torment {unknown}
 j - a scroll of identify {unknown}
Potions
 d - a potion of berserk rage {unknown}
 e - a potion of flight {unknown}
 f - a potion of heal wounds {unknown}
 i - a potion of curing {unknown}


   Skills:
 + Level 0.4 Fighting
 - Level 3.0 Dodging
 - Level 3.0 Stealth
 + Level 3.2 Spellcasting
 + Level 5.1 Necromancy
 + Level 1.3 Earth Magic


You had 4 spell levels left.
You knew the following spells:

 Your Spells              Type           Power      Damage    Failure   Level
a - Pain                  Necr           92%        1d8       1%          1
b - Vampiric Draining     Necr           11%        2d7       4%          3

Your spell library contained the following spells:

 Spells                   Type           Power      Damage    Failure   Level
 Animate Skeleton         Necr           46%        N/A       1%          1
 Animate Dead             Necr           11%        N/A       17%         4
 Dazzling Flash           Conj/Hex       6%         N/A       38%         3
 Iskenderun's Mystic Bla  Conj/Tloc      3%         2d3       80%         4
 Agony                    Necr           23%        N/A       43%         5
 Starburst                Conj/Fire      1%         6d3       100%        6


Dungeon Overview and Level Annotations

Branches:
Dungeon (2/15)

Altars:


Message History

Things that are here:
a +0 dagger; a goblin corpse
Found a glowing great sword.
You see here a +1 great sword of holy wrath.
A frilled lizard comes into view.
Found a knobbly granite ring.
Casting: Pain (safe; 1% risk of failure)
Confirm with . or Enter, or press ? or * to list all spells.
Aiming: Pain (safe; 1% risk of failure)
Press: ? - help, Shift-Dir - straight line, f - frilled lizard
Aim: a frilled lizard (asleep, chance to affect: 92%)
The frilled lizard hisses angrily.
The frilled lizard writhes in agony.
You kill the frilled lizard!
k - a ring of fire
Okay, then.
You open the door.
There is an open door here. 2 gnolls come into view.
The gnoll shouts!
A gnoll comes into view. It is wielding a +0 spear.
There are monsters nearby!
There are monsters nearby!
There are monsters nearby!
A gnoll comes into view. It is wielding a +0 spear.
The gnoll shouts!
The gnoll barely misses you.
The gnoll hits you from afar with a +0 spear.
The gnoll hits you with a +0 flail!
Ouch! That really hurt!
The gnoll hits you from afar with a +0 spear.
* * * LOW HITPOINT WARNING * * *
It was a potion of ambrosia.
You are confused.
You feel invigorated. The gnoll hits you with a +0 flail!
* * * LOW HITPOINT WARNING * * *
The gnoll barely misses you.
You bump into the rock wall.
The gnoll misses you.
The gnoll hits you from afar with a +0 spear.
You die...

#.#.# #.###...###
#.#.###.#.....g.#
.............g..#
#.....#.#.......#
#....##.###.g.####
#.......##...g..g#
..#.#######...##g# ###†#
##.###g# ##'##
#########@#
##...###.........#
#.....##.#######.#
.......#.# ##.##.#
.........###...#.#######
................<.......
.........###...#.#######
.......#.###..##.#
#.....##.........#


You could see 3 gnolls.

Vanquished Creatures
  An adder (D:2)
  3 ball pythons (D:1)
  3 endoplasms
  2 goblins
  3 hobgoblins (D:1)
  A jackal (D:1)
  A quokka (D:1)
  3 bats (D:1)
  4 frilled lizards
  2 kobolds (D:1)
  4 rats (D:1)
27 creatures vanquished.

Notes
Turn   | Place    | Note
-------+----------+-------------------------------------------
     0 | D:1      | hawla the Deep Elf Necromancer began the quest for the Orb.
     0 | D:1      | Reached XP level 1. HP: 10/10 MP: 6/6
   407 | D:1      | Reached skill level 5 in Necromancy
   408 | D:1      | Reached XP level 2. HP: 12/15 MP: 5/8
   855 | D:1      | Reached skill level 1 in Earth Magic
  1518 | D:2      | Reached XP level 3. HP: 18/20 MP: 6/9
  1522 | D:2      | Learned a level 3 spell: Vampiric Draining
  1665 | D:2      | HP: 1/20 [gnoll (8)]
  1666 | D:2      | Slain by a gnoll

Illustrated notes

Levels and vault maps discovered:
D:1:      roderic_chinese_lattice_arrival, layout_basic, minmay_split_cup_large
D:2:      layout_loops_corners, serial_rivers, chequers_serial_rivers_large_a,
          chequers_serial_rivers_small_a, chequers_serial_rivers_micro_d,
          chequers_serial_rivers_small_3, chequers_serial_rivers_small_b,
          chequers_serial_rivers_room_b, ebering_dispersal_statue_hall,
          uniq_jessica

Skill      XL: |  1  2 |
---------------+-------+-----
Necromancy     | 5 |  5.1
Earth Magic    | 1 |  1.3
Stealth        | 3 |  3.0
Dodging        | 3 |  3.0
Fighting       | |  0.4
Spellcasting   | |  3.2

Action                   || total
-------------------------++-------
Melee: Unarmed           ||     1
 Cast: Pain              ||    39
  Use: Potion            ||     1
Dodge: Dodged            ||     7
